 Dungeon Crawl Stone Soup version 0.18-a0-1589-g520a787 (webtiles) character file.

10342 Arkorax the Severer (level 11, -22/153 HPs)
             Began as a Minotaur Gladiator on Mar 19, 2016.
             Was an Elder of Qazlal.
             Annihilated by a swamp dragon simulacrum (23 damage)
             ... in an ice cave.
             The game lasted 00:10:44 (10120 turns).

Arkorax the Severer (Minotaur Gladiator)           Turns: 10120, Time: 00:10:45

Health: -22/153    AC: 25    Str: 27    XL:     11   Next: 34%
Magic:  15/15      EV:  2    Int:  5    God:    Qazlal [****..]
Gold:   657        SH:  5    Dex: 14    Spells: 0 memorised, 10 levels left

rFire  . . .     SeeInvis .     p - +3 battleaxe (freeze)
rCold  . . .     Gourm    .     (armour currently unavailable)
rNeg   + + +     Faith    .     (shield currently unavailable)
rPois  +         Spirit   .     (helmet currently unavailable)
rElec  .         Dismiss  .     (cloak currently unavailable)
rCorr  .         Reflect  .     (gloves currently unavailable)
SustAt .         Harm     .     (boots currently unavailable)
MR     .....     NoTele   +     (no amulet)
Stlth  +.........               Z - +4 ring of strength
                                P - +3 ring of strength

@: tree-form, repel missiles, not resistant to hostile enchantments, very
unstealthy
A: (retaliatory headbutt), (horns 0)
a: Upheaval, Elemental Force, Renounce Religion


You were in an ice cave.
You worshipped Qazlal.
Qazlal was greatly pleased with you.
You were full.
You were a tree.
You visited 1 branch of the dungeon, and saw 12 of its levels.
You also visited: Ice Cave.

You collected 657 gold pieces.

Inventory:

Hand Weapons
 p - a +3 battleaxe of freezing (weapon)
Missiles
 d - 4 throwing nets
 q - 8 javelins (quivered)
Armour
 b - the +0 pair of gloves of Bedevilment (melded) {-Cast Int+7}
   (You found it on level 10 of the Dungeon)

   It affects your intelligence (+7).
   It prevents spellcasting.
 c - a +0 hat (melded)
 o - a +0 plate armour (melded)
 X - a +0 cloak (melded)
Jewellery
 n - an uncursed ring of sustain attributes
 u - an uncursed ring of fire
 x - an uncursed ring of flight
 P - a +3 ring of strength (left branch)
 Z - a +4 ring of strength (right branch)
Wands
 y - a wand of flame (26/48)
 C - a wand of hasting (4/9)
 H - a wand of disintegration (16/24)
 I - a wand of flame (13/48)
 J - a wand of digging (9/24)
 S - a wand of random effects (12/48)
Scrolls
 e - 3 scrolls of blinking {unknown}
 g - 3 scrolls of immolation {unknown}
 l - a scroll of amnesia {unknown}
 r - a scroll of enchant armour {unknown}
 s - 18 scrolls of identify {unknown}
 v - 4 scrolls of fog {unknown}
 A - 3 scrolls of recharging {unknown}
 B - 4 scrolls of magic mapping {unknown}
 E - 7 scrolls of remove curse {unknown}
 K - 2 scrolls of teleportation {unknown}
Potions
 a - a potion of invisibility {unknown}
 h - a potion of haste {unknown}
 i - a potion of ambrosia
 j - a potion of lignification
 k - a potion of resistance {unknown}
 m - a potion of cure mutation {unknown}
 w - 2 potions of flight {unknown}
 D - a potion of magic {unknown}
 F - a potion of mutation {unknown}
 M - a potion of cancellation {unknown}
 N - a potion of beneficial mutation {unknown}
 Q - a potion of brilliance {unknown}
 R - a potion of might {unknown}
 U - a potion of agility {unknown}
 Y - a potion of curing
Books
 G - a Young Poisoner's Handbook

   Spells                             Type                      Level
   a - Sting                          Conjuration/Poison           1
   b - Cure Poison                    Poison                       2
   c - Mephitic Cloud                 Conjuration/Poison/Air       3
   d - Olgreb's Toxic Radiance        Poison                       4
   e - Venom Bolt                     Conjuration/Poison           5
 W - a book of Battle

   Spells                             Type                      Level
   a - Infusion                       Charms                       1
   b - Shroud of Golubria             Charms/Translocation         2
   c - Song of Slaying                Charms                       2
   d - Spectral Weapon                Hexes/Charms                 3
   e - Regeneration                   Charms/Necromancy            3
Comestibles
 f - 2 bread rations
 t - 2 meat rations
 z - 3 fruits
 L - 4 beef jerkies
 O - 7 slices of pizza


   Skills:
 + Level 11.4 Fighting
 * Level 15.2 Axes
 - Level 2.0 Throwing
 - Level 3.2 Dodging
 + Level 7.8 Invocations


You had 10 spell levels left.
You didn't know any spells.

Dungeon Overview and Level Annotations

Branches:
Dungeon (12/15)            Temple (0/1) D:5            Lair (0/8) D:8
    Orc: D:9-12

Altars:
Ashenzari
Cheibriados
Elyvilon
Fedhas
Gozag
Nemelex Xobeh
Okawaru
Pakellas
Qazlal
Ru
Sif Muna
Trog
Xom
Zin

Shops:
D:6 %   D:10 (


Innate Abilities, Weirdness & Mutations

((You reflexively headbutt those who attack you in melee.))
((You have a pair of horns on your head.))


Message History

The swamp dragon simulacrum barely misses you.
The swamp dragon simulacrum tramples you.
* * * LOW HITPOINT WARNING * * *
The swamp dragon simulacrum freezes you!!
* * * LOW HITPOINT WARNING * * *
You are too injured to fight recklessly!
You are too injured to fight recklessly!
Unknown command.
Drink which item? (? for menu, Esc to quit)
You turn into a tree.
Your +0 cloak melds into your body.
Your +0 hat melds into your body.
The +0 pair of gloves of Bedevilment {-Cast Int+7} melds into your body.
Your +0 plate armour melds into your body.
Your roots penetrate the ground.
The swamp dragon simulacrum bites you but does no damage.
The swamp dragon simulacrum claws you but does no damage.
The swamp dragon simulacrum tramples you.
* * * LOW HITPOINT WARNING * * *
The swamp dragon simulacrum freezes you!!
You die...

#### ##..##
##..§.###
#.§§....##..
#.♣Z∩.......
#..§.......#
##....##..##
##..## ##
####


You could see a swamp dragon simulacrum.

Vanquished Creatures
  Josephine (D:11)
  Pikel (D:6)
  3 hill giants
  A centaur zombie (D:11)
  A troll (D:9)
  A two-headed ogre (D:8)
  A wolf spider simulacrum (IceCv)
  A wyvern (D:8)
  A human (D:7)
  3 wraiths (D:11)
  5 yaks (D:11)
  A hungry ghost (D:5)
  2 hippogriffs (D:9)
  A water moccasin (D:7)
  Duvessa (D:6)
  3 orc warriors
  2 ice beasts
  4 slaves (D:6)
  A black bear (D:8)
  3 necrophages
  A phantom (D:9)
  A centaur (D:7)
  A big kobold (D:10)
  The ghost of krfreak the Grave Robber, an amateur DENe (D:4)
  9 giant frogs
  Dowan (D:6)
  A wyvern skeleton (D:10)
  6 scorpions
  An elephant simulacrum (IceCv)
  3 killer bees (D:9)
  16 wights
  A giant frog zombie (D:12)
  A quasit (D:11)
  6 jellies
  2 crimson imps
  4 orc priests
  2 centaur skeletons
  4 giant frog skeletons
  3 hounds
  11 orc wizards
  2 iguanas
  14 worker ants
  A wolf simulacrum (IceCv)
  4 sheep (D:7)
  A hound zombie (D:5)
  A hound skeleton (D:10)
  A worker ant zombie (D:5)
  2 howler monkey zombies
  4 gnolls
  8 adders
  2 shadow imps
  An ooze (D:1)
  An adder skeleton (D:8)
  An adder zombie (D:7)
  4 worms
  2 dart slugs
  8 giant geckos
  48 orcs
  7 bats
  8 giant cockroaches
  11 goblins
  8 hobgoblins
  20 jackals
  6 quokkas
  A ball python (D:1)
  4 giant newts
  19 kobolds
  A quokka zombie (D:5)
  2 rats (D:1)
  A plant (D:10)
305 creatures vanquished.

Vanquished Creatures (others)
  6 bushes (D:11)
6 creatures vanquished.

Grand Total: 311 creatures vanquished

Notes
Turn   | Place    | Note
--------------------------------------------------------------
     0 | D:1      | Arkorax the Minotaur Gladiator began the quest for the Orb.
     0 | D:1      | Reached XP level 1. HP: 18/18 MP: 0/0
    22 | D:1      | Reached skill level 4 in Axes
    29 | D:1      | Reached XP level 2. HP: 18/25 MP: 1/1
   291 | D:1      | Reached XP level 3. HP: 25/31 MP: 2/2
   559 | D:2      | Reached skill level 5 in Axes
  1044 | D:2      | Reached XP level 4. HP: 38/38 MP: 3/3
  1422 | D:3      | Reached skill level 6 in Axes
  1698 | D:3      | Reached XP level 5. HP: 44/46 MP: 4/4
  2370 | D:3      | Reached skill level 7 in Axes
  2370 | D:3      | Reached XP level 6. HP: 50/53 MP: 5/5
  3114 | D:4      | Reached skill level 5 in Fighting
  3150 | D:4      | Noticed krfreak's ghost (amateur DENe)
  3159 | D:4      | HP: 2/56 [krfreak's ghost/vampiric draining (13)]
  3160 | D:4      | Killed krfreak's ghost
  3730 | D:4      | Reached skill level 8 in Axes
  3999 | D:4      | Reached XP level 7. HP: 55/62 MP: 6/6
  4082 | D:4      | Found a stormy altar of Qazlal.
  4087 | D:4      | Found a blossoming altar of Fedhas.
  4118 | D:4      | Became a worshipper of Qazlal Stormbringer
  4541 | D:5      | Entered Level 5 of the Dungeon
  4554 | D:5      | Found a snail-covered altar of Cheibriados.
  4594 | D:5      | Found a glowing silver altar of Zin.
  4596 | D:5      | Noticed a hungry ghost
  4629 | D:5      | Killed a hungry ghost
  4629 | D:5      | Reached skill level 9 in Axes
  4911 | D:5      | Found a staircase to the Ecumenical Temple.
  4998 | D:5      | Reached XP level 8. HP: 57/71 MP: 7/7
  5093 | D:6      | Found Pesonoux's Food Shop.
  5096 | D:6      | Reached skill level 1 in Invocations
  5117 | D:6      | Noticed Dowan
  5118 | D:6      | Noticed Duvessa
  5120 | D:6      | Reached * piety under Qazlal
  5129 | D:6      | Killed Duvessa
  5143 | D:6      | Killed Dowan
  5143 | D:6      | Reached skill level 10 in Axes
  5231 | D:6      | Noticed Pikel
  5256 | D:6      | Killed Pikel
  5377 | D:6      | Found an oddly glowing altar of Pakellas.
  5578 | D:7      | Found an iron altar of Okawaru.
  5590 | D:7      | Reached skill level 11 in Axes
  5881 | D:7      | Reached XP level 9. HP: 77/81 MP: 10/10
  6084 | D:7      | Reached ** piety under Qazlal
  6104 | D:7      | Reached skill level 12 in Axes
  6530 | D:8      | Reached skill level 5 in Invocations
  6811 | D:8      | Found an opulent altar of Gozag.
  6836 | D:8      | Found a sparkling altar of Nemelex Xobeh.
  6837 | D:8      | Found a bloodstained altar of Trog.
  6849 | D:8      | Found a staircase to the Lair.
  6868 | D:8      | Found a sacrificial altar of Ru.
  6938 | D:8      | Found a white marble altar of Elyvilon.
  6939 | D:8      | Found an iron altar of Okawaru.
  7096 | D:8      | Reached XP level 10. HP: 74/91 MP: 13/13
  7306 | D:9      | Found a shimmering altar of Xom.
  7315 | D:9      | Reached *** piety under Qazlal
  7315 | D:9      | Reached skill level 13 in Axes
  7400 | D:9      | Found a shattered altar of Ashenzari.
  7708 | D:10     | Entered Level 10 of the Dungeon
  7876 | D:10     | Noticed a hill giant
  7991 | D:10     | Killed a hill giant
  7991 | D:10     | Reached skill level 10 in Fighting
  8379 | D:10     | Reached skill level 14 in Axes
  8433 | D:10     | Reached **** piety under Qazlal
  8545 | D:10     | Found Xiuroili's Antique Weapon Boutique.
  8636 | D:10     | Found a deep blue altar of Sif Muna.
  8696 | D:10     | Got a pair of bloodstained gloves
  8702 | D:10     | Identified the +0 pair of gloves of Bedevilment {-Cast Int+7} (You found it on level 10 of the Dungeon)
  8878 | D:11     | Noticed a hill giant
  8878 | D:11     | Noticed a hill giant
  8886 | D:11     | Killed a hill giant
  8905 | D:11     | Killed a hill giant
  9011 | D:11     | Reached XP level 11. HP: 74/101 MP: 15/15
  9017 | D:11     | Noticed Josephine
  9026 | D:11     | Killed Josephine
  9352 | D:11     | Reached skill level 15 in Axes
 10097 | D:12     | Found a frozen archway.
 10108 | IceCv    | Entered an ice cave
 10119 | IceCv    | HP: 2/102 [swamp dragon simulacrum (24)]
 10120 | IceCv    | Annihilated by a swamp dragon simulacrum

Vault maps used:
D:1:      ncdulo_halloftheorcs
D:2:      supply_closet_lemuel
D:3:      first_bread
D:4:      grunt_temple_overflow_forces_of_nature
D:5:      grunt_temple_overflow_open, minmay_temple_entry_water_ring
D:6:      grunt_pakellas_mercury, serial_shops, shop, uniq_pikel, uniq_duvessa
D:7:      basic_altar, grunt_livestock
D:8:      overflow_temple_1_default, lemuel_crystal_altar,
          nicolae_overflow_hidden_temple, lair_0_dummy
D:9:      nicolae_overflow_crystal_walls, basic_altar
D:10:     basic_altar, serial_shops, nicolae_shop_overgrown_old_shop
D:11:     minmay_klotski, uniq_josephine
D:12:     david_orc_1_choice, portal_ice_cave_entry_pillars_01,
          nrook_mini_vaults
IceCv:    ice_cave_small_necro

Skill      XL: |  1  2  3  4  5  6  7  8  9 10 11 |
---------------+----------------------------------+-----
Axes           | 4 5 6 7 8 9 11 12 14 15 | 15.2
Fighting       | 3 4 5 6 8 9 10 11 | 11.4
Invocations    | 3 5 7 |  7.8
Throwing       | |  2.0
Dodging        | |  3.2

Action                   |  1- 3 |  4- 6 |  7- 9 | 10-12 || total
-------------------------+-------+-------+-------+-------++-------
Melee: War axe           |    89 |   177 |   237 |       ||   503
       Battleaxe         |       |       |    58 |   184 ||   242
Throw: Javelin           |       |       |     4 |       ||     4
Invok: Upheaval          |       |       |       |     3 ||     3
  Use: Potion            |       |       |     6 |     3 ||     9
       Scroll            |       |       |       |     2 ||     2
  Eat: Meat ration       |       |     2 |     2 |     1 ||     5
       Chunk             |       |     2 |       |       ||     2
       Bread ration      |       |       |     2 |     2 ||     4
